AoeStats
← Axolot

Hideout

503051608Analyzed
4v4 RM · 1mo ago on Aug 30, 2026· 24m 54s· 8 players
Game mode
Random Map
Map size
Large (8 player)
Population
200
Speed
Normal
Resources
Standard
Victory
Conquest
Starting age
Dark Age
Ending age
Imperial Age
RankedLock teamsTeams togetherTeam positionsShared explorationLock speedFull tech treeHidden civsTurbo modeCheats
Victory
Defeat
🇦🇷 Japanese · Argentina
1427
+10
🇦🇷 Malay · Argentina
1409
+10
🇺🇾 Magyars · Uruguay
1397
+11
🇦🇷 Koreans · Argentina
1273
+16
🇦🇺 Saracens · Australia
1393
-17
🇦🇷 Teutons · Argentina
1361
-15
🇦🇷 Persians · Argentina
1330
-14
🇨🇱 Huns · Chile
1049
-4
Axolot
9:12 Feudal Age
10:22 Man-at-Arms
12:07 Loom
12:35 Arson
16:42 Horse Collar
16:51 Double-Bit Axe
22:50 Wheelbarrow
22:55 Town Watch
25:16 Castle Age
24:36 Fletching
25:06 Gold Mining
pepelui_gg
7:31 Loom
10:19 Feudal Age
12:02 Town Watch
12:41 Fletching
19:59 Double-Bit Axe
23:08 Wheelbarrow
25:52 Castle Age
[VA] Tano_Pacman
8:26 Feudal Age
8:04 Double-Bit Axe
8:27 Horse Collar
13:51 Wheelbarrow
16:45 Castle Age
17:57 Scale Barding Armor
20:20 Gold Mining
22:04 Forging
24:03 Husbandry
[VA] Salvatore
6:36 Loom
9:18 Feudal Age
13:04 Double-Bit Axe
21:04 Castle Age
19:04 Horse Collar
19:17 Gold Mining
21:28 Bloodlines
21:24 Scale Barding Armor
21:20 Scale Mail Armor
21:13 Light Cavalry
21:52 Pikeman
Kergag
10:09 Feudal Age
10:34 Horse Collar
10:41 Double-Bit Axe
12:54 Loom
19:03 Castle Age
17:40 Scale Barding Armor
17:45 Forging
17:40 Gold Mining
19:31 Bloodlines
21:35 Wheelbarrow
21:12 Husbandry
22:35 Gold Shaft Mining
22:02 Heavy Plow
Juan El Gigante
8:30 Feudal Age
7:39 Loom
9:04 Double-Bit Axe
10:03 Town Watch
13:26 Fletching
25:22 Castle Age
Pirulo222
8:03 Loom
9:59 Feudal Age
El Mimoso
10:52 Feudal Age
15:36 Castle Age
13:47 Double-Bit Axe
13:46 Horse Collar
13:55 Loom
16:58 Bow Saw
Connection lost

Rejoining the realm…

Still unreachable

The connection could not be restored.

Session expired

The server has moved on; the page needs a fresh start.